 Dungeon Crawl Stone Soup version 0.30.1-11-g7821555f0a (webtiles) character file.

Game seed: 968880013791363098

63 lonewolfV2 the Shield-Bearer (level 4, -5/35 HPs)
             Began as a Formicid Fighter on Nov 2, 2023.
             Slain by a gnoll
             ... wielding a +0 spear
              (7 damage)
             ... on level 2 of the Dungeon.
             The game lasted 00:01:28 (1100 turns).

lonewolfV2 the Shield-Bearer (Formicid Fighter)     Turns: 1100, Time: 00:01:29

Health: -5/35      AC:  6    Str: 22    XL:     4   Next: 30%
Magic:  4/4        EV: 10    Int:  8    God:
Gold:   43         SH:  6    Dex: 13    Spells: 3/3 levels left

rFire   . . .        a - +0 war axe
rCold   . . .        c - +1 buckler
rNeg    . . .        b - +0 scale mail
rPois   .            (helmet unavailable)
rElec   .            (no cloak)
rCorr   .            (no gloves)
SInv    +            (no boots)
Will    .....        (no amulet) Stlth
                     (no ring)
HPRegen 0.25/turn    (no ring)
MPRegen 0.09/turn

%: no passive effects
@: no status effects
A: permanent stasis, dig shafts and tunnels, antennae 3, four strong arms
a: Dig, Shaft Self


You were on level 2 of the Dungeon.
You visited 1 branch of the dungeon, and saw 2 of its levels.

You collected 43 gold pieces.

Inventory:

Hand Weapons
 a - a +0 war axe (weapon)
Missiles
 f - a throwing net
Armour
 b - a +0 scale mail (worn)
 c - a +1 buckler (worn)
Potions
 d - a potion of might
 e - a potion of berserk rage {unknown}
 g - 2 potions of attraction
 h - a potion of heal wounds {unknown}


   Skills:
 - Level 3.2 Fighting
 - Level 2.0 Axes
 - Level 3.2 Armour
 * Level 3.2 Dodging
 - Level 4.0 Shields


You had 3 spell levels left.
You didn't know any spells.
Your spell library was empty.

Dungeon Overview and Level Annotations

Branches:
Dungeon (2/15)

Altars:


Innate Abilities, Weirdness & Mutations

You cannot be hasted, slowed, berserked, paralysed or teleported.
You can dig through walls and to a lower floor.
You have a pair of large antennae on your head. (SInv)
Your four strong arms can wield two-handed weapons with a shield.


Message History

Found a stone staircase leading down. 2 gnolls come into view.
The gnoll shouts! x2; You hear a shout!
A gnoll comes into view. It is wielding a +0 club.
The gnoll shouts!
The gnoll hits you with a +0 flail.
You slash the gnoll!
The gnoll is severely wounded.
The gnoll barely misses you. The gnoll hits you but does no damage.
The gnoll throws a throwing net.
The throwing net hits you.
You become entangled in the net!
You struggle against the net.
The gnoll hits you from afar with a +0 spear.
The gnoll hits you with a +0 flail!
You struggle against the net.
The gnoll hits you from afar with a +0 spear.
The gnoll hits you with a +0 club. The gnoll hits you with a +0 flail.
You struggle against the net.
The gnoll hits you from afar with a +0 spear.
You rip the net and break free!
You block the gnoll's attack. x2
Unknown command.
You barely miss the gnoll.
The gnoll is severely wounded.
You hit the gnoll.
The gnoll hits you from afar with a +0 spear.
* * * LOW HITPOINT WARNING * * *
The gnoll hits you with a +0 club.
* * * LOW HITPOINT WARNING * * *
The gnoll hits you with a +0 flail.
* * * LOW HITPOINT WARNING * * *
You closely miss the gnoll.
The gnoll is severely wounded.
You slash the gnoll!
You kill the gnoll!
You block the gnoll's attack. The gnoll barely misses you.
You block the gnoll's attack.
You slash the gnoll!
You kill the gnoll!
The gnoll hits you from afar with a +0 spear!
You die...

# .# ##.# ####+#... ###
#......# #.. #......# #..
####.###).....# #..
#>....g.@...#.# #..
#......###..#.# #..
#...... #..#.### #..
#......####.....#######..
###......(...............
#.g..####.#.##....#####
..... #.#.##.........
#.#### #.#.##.........
#.#.##.........


You could see a gnoll.

Vanquished Creatures
  Jessica (D:2)
  2 gnolls (D:2)
  A worm (D:2)
  4 ball pythons
  2 endoplasms (D:1)
  3 goblins (D:1)
  2 hobgoblins (D:1)
  A quokka (D:1)
  A bat (D:1)
  3 frilled lizards (D:1)
  4 kobolds
  2 rats (D:1)
26 creatures vanquished.

Notes
Turn   | Place    | Note
-------+----------+-------------------------------------------
     0 | D:1      | lonewolfV2 the Formicid Fighter began the quest for the
                  | Orb.
     0 | D:1      | Reached XP level 1. HP: 18/18 MP: 1/1
   146 | D:1      | Reached skill level 1 in Dodging
   187 | D:1      | Found a faded altar of an unknown god.
   194 | D:1      | Reached XP level 2. HP: 24/24 MP: 2/2
   760 | D:1      | Reached XP level 3. HP: 26/29 MP: 3/3
   975 | D:2      | Noticed Jessica
   979 | D:2      | Killed Jessica
   980 | D:2      | Reached XP level 4. HP: 32/35 MP: 4/4
  1098 | D:2      | HP: 1/35 [gnoll/+0 flail (5)]
  1100 | D:2      | Slain by a gnoll

Illustrated notes

Levels and vault maps discovered:
D:1:      scummos_arrival_hexagon, layout_loops_corners, basic_ecumenical_altar
D:2:      layout_basic, uniq_jessica

Skill      XL: |  1  2  3  4 |
---------------+-------------+-----
Dodging        | 1 2 3 |  3.2
Fighting       | |  3.2
Axes           | |  2.0
Armour         | |  3.2
Shields        | |  4.0

Action                     |  1- 3 |  4- 6 || total
---------------------------+-------+-------++-------
  Melee: War axe           |    55 |     9 ||    64
    Use: Scroll            |     5 |       ||     5
 Armour: Scale mail        |    29 |     1 ||    30
  Dodge: Dodged            |    33 |     5 ||    38
  Block: Buckler           |    17 |     7 ||    24
